Map: [TLMC15] Berlingrad

Players

Dark - Winner!

  • Race: Zerg Zerg

SpeCial

  • Race: Terran Terran

Event: DreamHack SC2 Masters 2021 Winter

VOD

Have the link to the VOD?

Description

Time

  • Played on: Nov. 11, 2021, 9:12 a.m.
  • Length: 14:11

All games in this series

Show
View Real Time Build Order
Export as new Build Order

Dark Zerg - Winner!

Build Orders: Pool First 

Get SALT Encoding   

  12  0:00  Drone  
  13  0:12  Overlord  
  13  0:17  Drone  
  14  0:31  Drone x2  
  16  0:40  Spawning Pool  
  15  0:43  Drone  
  15  0:48  Drone  
  17  0:59  Drone  
  18  1:11  Hatchery  
  18  1:14  Extractor  
  16  1:27  Zergling x4  
  16  1:30  Zergling x2  
  19  1:34  Roach Warren  
  18  1:43  Queen  
  20  1:47  Drone  
  20  1:53  Drone  
  22  2:01  Overlord  
  22  2:21  Roach  
  22  2:22  Roach  
  26  2:24  Roach  
  26  2:29  Queen  
  28  2:35  Roach  
  32  2:40  Roach  
  34  2:52  Drone x2  
  36  3:03  Overlord  
  36  3:09  Overlord  
  36  3:11  Overlord  
  34  3:15  Overlord  
  34  3:24  Drone  
  35  3:29  Ravager  
  35  3:31  Drone x2  
  35  3:32  Ravager  
  35  3:33  Drone  
  40  3:36  Drone  
  40  3:40  Drone  
  42  3:42  Drone  
  42  3:46  Drone  
  43  3:52  Drone x2  
  43  3:54  Drone  
  46  3:58  Drone  
  46  4:01  Drone  
  49  4:02  Drone  
  49  4:06  Drone  
  50  4:13  Drone, Overlord  
  51  4:17  Queen  
  51  4:20  Drone  
  51  4:21  Drone  
  51  4:24  Drone x2  
  56  4:30  Drone  
  58  4:37  Spore Crawler  
  57  4:38  Spore Crawler  
  57  4:40  Drone x2  
  58  4:48  Hatchery  
  57  4:58  Overlord  
  57  5:00  Overlord  
  57  5:01  Lair  
  57  5:02  Drone x3  
  57  5:03  Extractor  
  57  5:05  Extractor  
  58  5:11  Drone x4  
  62  5:16  Queen  
  62  5:18  Drone x2  
  62  5:19  Extractor  
  65  5:30  Drone  
  65  5:31  Drone  
  65  5:32  Roach x2  
  65  5:33  Roach x2  
  65  5:34  Ravager x2  
  77  5:35  Drone  
  77  5:40  Evolution Chamber  
  77  5:42  Evolution Chamber  
  76  5:44  Drone  
  76  5:45  Drone  
  78  5:51  Drone, Queen  
  78  5:52  Drone  
  78  5:54  Drone  
  78  5:55  Drone  
  84  5:59  Glial Reconstitution  
  84  6:01  Drone  
  85  6:04  Drone x2  
  85  6:05  Overseer  
  85  6:08  Drone x2  
  89  6:16  Drone  
  90  6:26  Zerg Missile Weapons Level 1, Zerg Ground Armor Level 1  
  90  6:27  Overlord  
  90  6:30  Extractor x2  
  90  6:31  Overlord  
  90  6:32  Overlord  
  88  6:34  Roach  
  90  6:43  Overlord  
  90  6:50  Roach x6  
  90  6:51  Roach  
  90  6:52  Roach x2  
  108  6:55  Drone x4  
  108  6:57  Drone  
  108  6:58  Drone  
  108  7:00  Overlord  
  114  7:03  Drone x2  
  114  7:04  Drone  
  114  7:08  Drone  
  114  7:13  Drone  
  114  7:15  Drone  
  116  7:21  Tunneling Claws, Burrow  
  116  7:24  Overlord  
  116  7:26  Nydus Network  
  116  7:28  Roach x3  
  116  7:29  Roach  
  123  7:31  Drone  
  124  7:37  Hatchery  
  120  7:45  Roach x5  
  120  7:49  Ravager x2  
  120  7:50  Ravager x2  
  120  7:51  Overlord x2  
  134  7:53  Overlord  
  134  7:55  Roach  
  134  7:57  Roach  
  138  8:01  Overlord  
  138  8:05  Overlord  
  138  8:06  Overlord  
  138  8:10  Metabolic Boost  
  138  8:12  Ravager  
  139  8:14  Roach x4  
  139  8:15  Roach  
  149  8:20  Roach x3  
  149  8:21  Roach  
  149  8:30  Zerg Missile Weapons Level 2, Zerg Ground Armor Level 2  
  149  8:32  Roach x2  
  153  8:35  Roach  
  153  8:39  Roach x2  
  155  8:42  Roach x4  
  155  8:43  Roach x4  
  155  8:45  Overlord  
  165  8:51  Overlord  
  165  8:52  Zergling x8  
  169  9:01  Drone x3  
  172  9:07  Roach x2  
  172  9:09  Drone x3  
  175  9:10  Extractor  
  175  9:13  Extractor  
  175  9:15  Nydus Canal  
  175  9:16  Roach x4  
  175  9:17  Roach x2  
  185  9:19  Roach  
  185  9:20  Roach  
  185  9:26  Roach x3  
  184  9:33  Roach x3  
  184  9:36  Overlord x2  
  184  9:37  Infestation Pit, Roach  
  187  9:43  Ravager x4  
  191  9:47  Overseer  
  191  9:51  Nydus Canal  
  191  9:58  Ravager  
  192  10:01  Roach x3  
  192  10:06  Nydus Canal  
  198  10:12  Roach x2  
  198  10:13  Zergling x10  
  199  10:21  Pathogen Glands  
  193  10:22  Zergling x2  
  193  10:23  Zergling x12  
  193  10:28  Roach  
  173  10:37  Roach x7  
  173  10:38  Roach x5  
  173  10:41  Roach  
  161  10:43  Roach  
  161  10:44  Roach x2  
  161  10:49  Roach x4  
  160  10:50  Roach x2  
  160  10:52  Roach  
  152  10:57  Roach x3  
  152  10:59  Roach  
  152  11:01  Roach  
  152  11:03  Roach  
  154  11:05  Roach  
  154  11:07  Roach  
  154  11:09  Roach  
  162  11:11  Roach  
  162  11:12  Ravager x2  
  164  11:19  Infestor x2  
  164  11:22  Ravager x3  
  164  11:23  Zergling x4  
  173  11:29  Drone x4  
  173  11:31  Drone  
  179  11:32  Drone  
  179  11:38  Hive  
  179  11:41  Drone  
  179  11:45  Overseer  
  180  11:49  Infestor  
  180  11:52  Drone x3  
  180  11:54  Ravager x4, Hydralisk Den  
  187  11:55  Ravager  
  187  11:56  Roach x2  
  193  12:03  Zergling x2  
  193  12:04  Zergling x12  
  199  12:12  Zergling x4  
  199  12:13  Zergling x2  
  199  12:21  Hatchery  
  198  12:30  Lurker Den  
  198  12:34  Ravager  
  198  12:39  Roach x2  
  190  12:53  Roach x3  
  190  12:54  Roach  
  190  12:55  Roach  
  198  13:00  Roach  
  198  13:02  Roach  
  192  13:16  Roach x16  
  176  13:21  Roach  
  176  13:22  Ravager x2  
  176  13:23  Ravager, Roach  
  176  13:26  Ravager  
  181  13:28  Roach x2  
  181  13:32  Roach  
  181  13:33  Roach  
  189  13:36  Ravager x2  
  189  13:37  Ravager  
  189  13:41  Zergling x4  
  194  13:43  Zergling x4  
  195  13:50  Roach x2  
Show
View Real Time Build Order
Export as new Build Order

SpeCial Terran 

Build Orders:  

Get SALT Encoding   

  12  0:00  SCV  
  13  0:12  SCV  
  14  0:17  Supply Depot  
  14  0:24  SCV  
  15  0:39  SCV  
  15  0:40  Barracks  
  16  0:44  Refinery  
  16  0:51  SCV  
  17  1:00  Barracks  
  17  1:03  SCV  
  18  1:16  SCV  
  19  1:28  Orbital Command  
  19  1:29  Reaper  
  20  1:45  Supply Depot  
  21  1:47  Reaper  
  21  1:53  SCV  
  22  2:05  Reaper  
  22  2:06  SCV  
  24  2:11  Command Center  
  24  2:18  SCV  
  24  2:19  Marine  
  24  2:21  Refinery  
  26  2:30  SCV  
  26  2:36  Marine  
  28  2:37  Marine  
  28  2:43  Factory  
  29  2:47  SCV  
  30  2:55  Marine  
  31  2:59  Bunker  
  31  3:04  Bunker  
  31  3:21  Supply Depot  
  31  3:23  SCV  
  31  3:25  Marine x2, Orbital Command  
  33  3:28  Factory Tech Lab  
  33  3:35  SCV  
  33  3:36  Supply Depot  
  34  3:43  Marine  
  34  3:47  SCV  
  36  3:51  Cyclone  
  39  3:58  SCV  
  39  3:59  SCV  
  40  4:13  SCV x2  
  42  4:26  Barracks Reactor, Command Center  
  42  4:32  SCV x2  
  42  4:35  Stimpack, Marine  
  42  4:37  Factory Reactor  
  45  4:42  Starport  
  45  4:43  Supply Depot  
  45  4:44  SCV  
  46  4:49  Supply Depot  
  46  4:58  SCV x2, Marine  
  49  5:00  Engineering Bay x2  
  49  5:10  SCV x2  
  51  5:15  Supply Depot  
  51  5:16  Marine  
  51  5:21  Barracks  
  52  5:22  SCV x2  
  52  5:23  Factory Tech Lab  
  52  5:24  Marine x2  
  52  5:27  Medivac  
  58  5:31  Refinery  
  58  5:34  SCV, Marine  
  60  5:36  SCV  
  60  5:38  Supply Depot  
  60  5:40  Medivac  
  60  5:42  Orbital Command  
  63  5:47  SCV  
  63  5:48  Refinery  
  63  5:49  SCV  
  65  5:52  Marine x2  
  65  5:53  Marine  
  68  5:59  SCV  
  68  6:01  SCV  
  70  6:04  Orbital Command  
  70  6:05  Siege Tank  
  70  6:09  Marine x2  
  70  6:11  SCV, Barracks Reactor  
  76  6:16  Marine  
  76  6:19  Combat Shield  
  76  6:21  Supply Depot  
  76  6:22  SCV  
  76  6:23  SCV  
  78  6:27  Marine x2  
  78  6:30  Terran Infantry Weapons Level 1  
  80  6:34  SCV, Marine  
  80  6:35  SCV x2, Barracks x2  
  84  6:43  Siege Tank  
  84  6:45  Marine x2  
  89  6:51  Marine x2  
  89  6:52  Marine  
  92  6:54  SCV, Terran Infantry Armor Level 1  
  92  6:55  SCV x2  
  92  6:56  Supply Depot  
  95  7:03  Marine x2  
  95  7:07  SCV, Medivac  
  96  7:09  Medivac, Marine  
  96  7:12  SCV x2  
  96  7:14  Marine x2  
  103  7:18  Supply Depot  
  103  7:19  Supply Depot, SCV  
  103  7:21  Marine  
  103  7:22  Barracks  
  103  7:24  SCV, Barracks  
  103  7:25  Barracks  
  103  7:27  Barracks Tech Lab, Barracks Reactor  
  103  7:29  Marine  
  105  7:30  SCV  
  105  7:31  SCV  
  105  7:35  Refinery  
  107  7:38  Marauder, Supply Depot  
  108  7:44  Marine  
  108  7:45  Marine x2  
  108  7:47  Marauder  
  108  7:48  Medivac  
  114  7:59  Marauder, Marine  
  114  8:02  Marine x3  
  114  8:05  SCV x2  
  122  8:06  Supply Depot  
  122  8:09  Marauder, Supply Depot, SCV  
  125  8:13  Siege Tank  
  125  8:16  Barracks Tech Lab, Barracks Reactor  
  125  8:17  Marine  
  129  8:20  Marine  
  123  8:29  Marine x3  
  123  8:30  Marauder, Marine x2  
  123  8:31  Barracks Tech Lab  
  129  8:35  Marine  
  129  8:38  Marauder, Marine  
  129  8:40  Armory  
  133  8:45  SCV x2  
  133  8:46  SCV  
  133  8:47  Marine x3  
  141  8:48  Marauder  
  141  8:49  Supply Depot x2  
  141  8:52  Siege Tank  
  144  8:56  Marine x2  
  144  8:57  Marauder, Barracks Reactor  
  144  9:00  Marine  
  146  9:05  Missile Turret  
  141  9:11  Marauder, Marine x3  
  141  9:14  SCV  
  144  9:20  Marauder, Marine x3  
  144  9:23  Marauder  
  149  9:24  Siege Tank  
  149  9:28  SCV x3  
  152  9:32  Marauder, Marine x2  
  152  9:33  Marine  
  152  9:38  Terran Infantry Weapons Level 2  
  157  9:45  Marine  
  157  9:46  Marauder, Missile Turret  
  157  9:47  Marine  
  157  9:52  Marauder, Marine x2  
  165  9:57  Supply Depot  
  165  9:59  Supply Depot  
  165  10:09  Marine  
  165  10:11  Marauder  
  165  10:13  Siege Tank  
  165  10:15  Marine  
  165  10:16  Marauder  
  165  10:17  Marine  
  165  10:19  Marauder  
  165  10:21  Terran Infantry Armor Level 2  
  163  10:23  Marauder  
  163  10:26  Marine x2  
  167  10:32  Marauder  
  152  10:36  Marine  
  152  10:38  Marauder, Marine  
  152  10:39  Marine  
  152  10:40  Marauder  
  136  10:43  Marine  
  136  10:44  Marauder  
  136  10:45  Marine  
  130  10:52  Marine  
  130  10:53  Marine  
  130  10:54  Marauder  
  120  10:59  Marauder, Marine  
  120  11:00  Marine  
  120  11:01  Marauder, Marine x2  
  122  11:06  Marauder  
  122  11:07  Siege Tank  
  122  11:10  Marine x2  
  126  11:15  Marauder  
  128  11:21  Marauder  
  128  11:23  Marauder, Marine x5  
  128  11:24  Marine  
  138  11:27  Marauder  
  138  11:28  Marine x2  
  142  11:36  Marine  
  142  11:39  Medivac x2  
  147  11:41  Siege Tank, Marine x6  
  147  11:42  Marauder  
  147  11:44  Marauder  
  160  11:47  Supply Depot  
  160  11:49  Marine x2  
  160  11:50  Marauder  
  160  11:54  Marine  
  164  11:59  Marine x3  
  168  12:02  Marine x2  
  168  12:03  Marauder  
  168  12:04  Marine  
  168  12:06  Marauder  
  172  12:10  Concussive Shells  
  172  12:11  Marauder  
  172  12:12  Marauder, Marine x2  
  172  12:13  Siege Tank  
  180  12:17  Marine x3  
  180  12:20  Marine x2  
  185  12:25  Marauder  
  185  12:27  Marauder  
  186  12:30  Marine x3  
  186  12:34  Marine  
  186  12:35  Marine  
  186  12:36  Marauder  
  189  12:38  Marine  
  189  12:41  Marine  
  189  12:42  Liberator, Marine  
  189  12:51  Marauder  
  189  12:53  Marine  
  189  12:55  Marine  
  189  12:58  Marine  
  189  13:03  Marine  
  189  13:12  Marauder  
  189  13:13  Marauder, Siege Tank  
  189  13:16  Marauder, Marine  
  189  13:18  Marauder  
  169  13:26  Marine  
  170  13:34  Marauder  
  172  13:38  Marauder, Marine x2  
  174  13:51  Marine  

Tags
 
Add a new tag
Caveats
  • Supply blocks, unpowered buildings, or Contaminate may cause inaccurate times.
  • Supply counts are checked every 10 seconds.